SNL (28 & UNDER)
SANTA FE DIABLOS @ MONTGOMERY BISCUITS
09/13/2024
 
TOP OF THE 1ST
Santa Fe Diablos batting - Pitching for Montgomery Biscuits : RHP Scott Walker
Pitching: RHP Scott Walker
Batting: RHB Ray Davis 0-0: Ball
1-0: Called Strike
1-1: Ball
2-1: Foul Ball, location: 2F
2-2: Foul Ball, location: 2F
2-2: Strikes out swinging
Batting: LHB John Nicholson 0-0: Ball
1-0: Ball
2-0: Foul Ball, location: 2F
2-1: Ground out 3-1 (Groundball, 34)
Batting: RHB Roberto Zamora 0-0: Called Strike
0-1: Foul Ball, location: 2F
0-2: Fly out, F7 (Flyball, 78M)
Top of the 1st over - 0 run(s), 0 hit(s), 0 error(s), 0 left on base; Santa Fe 0 - Montgomery 0
BOTTOM OF THE 1ST
Montgomery Biscuits batting - Pitching for Santa Fe Diablos : RHP Christian Camden
Pitching: RHP Christian Camden
Batting: LHB Curt Causton 0-0: Called Strike
0-1: Ball
1-1: Ball
2-1: Ball
3-1: Called Strike
3-2: Ground out U3 (Groundball, 3)
Batting: RHB Warren Martin 0-0: Ball
1-0: Ground out 5-3 (Groundball, 5S)
Batting: RHB Yujiro Kurihara 0-0: Called Strike
0-1: Ground out 4-3 (Groundball, 4)
Bottom of the 1st over - 0 run(s), 0 hit(s), 0 error(s), 0 left on base; Santa Fe 0 - Montgomery 0
TOP OF THE 2ND
Santa Fe Diablos batting - Pitching for Montgomery Biscuits : RHP Scott Walker
Batting: SHB António Hernández 0-0: Ball
1-0: Foul Ball, location: 2F
1-1: Foul Ball, location: 2F
1-2: Ball
2-2: Ball
3-2: Base on Balls
Batting: LHB Don Soper 0-0: Called Strike
0-1: Ball
1-1: Foul Ball, location: 2F
1-2: Fly out, F9 (Line Drive, 9M)
Batting: LHB Gary Kern 0-0: Ball
1-0: Ball
António Hernández is caught stealing 2nd base
2-0: Foul Ball, location: 2F
2-1: Called Strike
2-2: SINGLE (Flyball, 8LS)
Batting: RHB Keith Jones 0-0: Foul Ball, location: 2F
0-1: Fly out, F6 (Line Drive, 6)
Top of the 2nd over - 0 run(s), 1 hit(s), 0 error(s), 1 left on base; Santa Fe 0 - Montgomery 0
BOTTOM OF THE 2ND
Montgomery Biscuits batting - Pitching for Santa Fe Diablos : RHP Christian Camden
Batting: LHB José Martínez 0-0: Ball
1-0: Ball
2-0: Ball
3-0: Base on Balls
Batting: RHB Dave Dawson 0-0: Fly out, F5 (Popup, 5S)
Batting: LHB Brian MacIntosh 0-0: Ball
1-0: Ball
2-0: Ball
3-0: Called Strike
3-1: Base on Balls
José Martínez to second
Batting: RHB Carlos Vásquez 0-0: Ball
1-0: Called Strike
1-1: Ball
2-1: Ball
3-1: Base on Balls
José Martínez to third
Brian MacIntosh to second
Batting: RHB Pete Smith 0-0: Called Strike
0-1: Called Strike
0-2: Foul Ball, location: 2F
0-2: Strikes out swinging
Batting: RHB Peyton Yardley 0-0: Foul Ball, location: 2F
0-1: Ball
1-1: Foul Ball, location: 2F
1-2: Strikes out swinging
Bottom of the 2nd over - 0 run(s), 0 hit(s), 0 error(s), 3 left on base; Santa Fe 0 - Montgomery 0
TOP OF THE 3RD
Santa Fe Diablos batting - Pitching for Montgomery Biscuits : RHP Scott Walker
Batting: RHB Joe Haley 0-0: Ball
1-0: Ground out 4-3 (Groundball, 4)
Batting: RHB Fernando Garza 0-0: Ball
1-0: Foul Ball, location: 2F
1-1: Ball
2-1: Ball
3-1: Base on Balls
Batting: RHB Ray Davis 0-0: Ball
1-0: Ball
2-0: Ball
3-0: Called Strike
3-1: Foul Ball, location: 2F
3-2: Base on Balls
Fernando Garza to second
Batting: LHB John Nicholson 0-0: Swinging Strike
0-1: Foul Ball, location: 2F
0-2: Foul Ball, location: 2F
0-2: Fly out, F9 (Flyball, 89M)
Batting: RHB Roberto Zamora 0-0: Called Strike
0-1: Ball
1-1: Foul Ball, location: 2F
1-2: Strikes out swinging
Top of the 3rd over - 0 run(s), 0 hit(s), 0 error(s), 2 left on base; Santa Fe 0 - Montgomery 0
BOTTOM OF THE 3RD
Montgomery Biscuits batting - Pitching for Santa Fe Diablos : RHP Christian Camden
Batting: LHB Curt Causton 0-0: Foul Ball, location: 2F
0-1: Ball
1-1: Ball
2-1: Called Strike
2-2: Reached on Error, E7 (Flyball, 78M)
Batting: RHB Warren Martin 0-0: Called Strike
0-1: DOUBLE (Line Drive, 8RM)
Curt Causton to third
Batting: RHB Yujiro Kurihara 0-0: Ball
1-0: Foul Ball, location: 2F
1-1: Ground out 6-3 (Groundball, 6M)
Curt Causton scores
Warren Martin to third
Batting: LHB José Martínez 0-0: Called Strike
0-1: Foul Ball, location: 2F
0-2: Reached on Error, E7 (Flyball, 7LM)
Warren Martin scores
Batting: RHB Dave Dawson 0-0: Ball
1-0: Ball
2-0: Called Strike
2-1: Fielders Choice at 2nd, 1-6 (Groundball, 13S)
Batting: LHB Brian MacIntosh 0-0: Called Strike
0-1: Foul Ball, location: 2F
0-2: Strikes out swinging
Bottom of the 3rd over - 2 run(s), 1 hit(s), 2 error(s), 1 left on base; Santa Fe 0 - Montgomery 2
TOP OF THE 4TH
Santa Fe Diablos batting - Pitching for Montgomery Biscuits : RHP Scott Walker
Batting: SHB António Hernández 0-0: Called Strike
0-1: Ball
1-1: Foul Ball, location: 2F
1-2: Foul Ball, location: 2F
1-2: Fly out, F7 (Flyball, 7S)
Batting: LHB Don Soper 0-0: Ball
1-0: Called Strike
1-1: Swinging Strike
1-2: Strikes out swinging
Batting: LHB Gary Kern 0-0: Ball
1-0: Foul Ball, location: 2F
1-1: Ground out U3 (Groundball, 3L)
Top of the 4th over - 0 run(s), 0 hit(s), 0 error(s), 0 left on base; Santa Fe 0 - Montgomery 2
BOTTOM OF THE 4TH
Montgomery Biscuits batting - Pitching for Santa Fe Diablos : RHP Christian Camden
Batting: RHB Carlos Vásquez 0-0: Ground out 4-3 (Groundball, 4M)
Batting: RHB Pete Smith 0-0: Called Strike
0-1: Ball
1-1: SINGLE (Line Drive, 4D)
Batting: RHB Peyton Yardley 0-0: Called Strike
Pete Smith steals 2nd base
0-1: Ball
1-1: Ground out 5-3 (Groundball, 56S)
Pete Smith to third
Batting: LHB Curt Causton 0-0: Ball
1-0: Swinging Strike
1-1: SINGLE (Line Drive, 34D)
Pete Smith scores
Batting: RHB Warren Martin 0-0: Fielders Choice at 2nd, 6-4 (Groundball, 56)
Bottom of the 4th over - 1 run(s), 2 hit(s), 0 error(s), 0 left on base; Santa Fe 0 - Montgomery 3
TOP OF THE 5TH
Santa Fe Diablos batting - Pitching for Montgomery Biscuits : RHP Scott Walker
Batting: RHB Keith Jones 0-0: Called Strike
0-1: Called Strike
0-2: Strikes out swinging
Batting: RHB Joe Haley 0-0: Called Strike
0-1: Called Strike
0-2: Ball
1-2: Ball
2-2: Foul Ball, location: 2F
2-2: Foul Ball, location: 2F
2-2: Foul Ball, location: 2F
2-2: Strikes out looking
Batting: RHB Fernando Garza 0-0: Called Strike
0-1: Ball
1-1: Ball
2-1: Called Strike
2-2: Foul Ball, location: 2F
2-2: Foul Ball, location: 2F
2-2: Ball
3-2: Foul Ball, location: 2F
3-2: Strikes out looking
Top of the 5th over - 0 run(s), 0 hit(s), 0 error(s), 0 left on base; Santa Fe 0 - Montgomery 3
BOTTOM OF THE 5TH
Montgomery Biscuits batting - Pitching for Santa Fe Diablos : RHP Christian Camden
Batting: RHB Yujiro Kurihara 0-0: Ball
1-0: Foul Ball, location: 2F
1-1: Ball
2-1: Foul Ball, location: 2F
2-2: Ground out 3-1 (Groundball, 34)
Batting: LHB José Martínez 0-0: Ball
1-0: Foul Ball, location: 2F
1-1: Ball
2-1: Swinging Strike
2-2: Ball
3-2: Strikes out looking
Batting: RHB Dave Dawson 0-0: Foul Ball, location: 2F
0-1: SINGLE (Line Drive, 7LS)
Batting: LHB Brian MacIntosh 0-0: Called Strike
0-1: Foul Ball, location: 2F
0-2: Strikes out looking
Bottom of the 5th over - 0 run(s), 1 hit(s), 0 error(s), 1 left on base; Santa Fe 0 - Montgomery 3
TOP OF THE 6TH
Santa Fe Diablos batting - Pitching for Montgomery Biscuits : RHP Scott Walker
Batting: RHB Ray Davis 0-0: Foul Ball, location: 2F
0-1: Fly out, F5 (Popup, 5F)
Batting: LHB John Nicholson 0-0: Ball
1-0: Swinging Strike
1-1: Ball
2-1: Foul Ball, location: 2F
2-2: Strikes out looking
Batting: RHB Roberto Zamora 0-0: Ball
1-0: Called Strike
1-1: Ball
2-1: Swinging Strike
2-2: Ball
3-2: Strikes out looking
Top of the 6th over - 0 run(s), 0 hit(s), 0 error(s), 0 left on base; Santa Fe 0 - Montgomery 3
BOTTOM OF THE 6TH
Montgomery Biscuits batting - Pitching for Santa Fe Diablos : RHP Christian Camden
Batting: RHB Carlos Vásquez 0-0: Ground out 5-3 (Groundball, 56)
Batting: RHB Pete Smith 0-0: SINGLE (Line Drive, 34D)
Batting: RHB Peyton Yardley 0-0: Ball
1-0: Grounds into double play, 6-4-3 (Groundball, 6M)
Bottom of the 6th over - 0 run(s), 1 hit(s), 0 error(s), 0 left on base; Santa Fe 0 - Montgomery 3
TOP OF THE 7TH
Santa Fe Diablos batting - Pitching for Montgomery Biscuits : RHP Scott Walker
Pitching: RHP Esteban Alfonzo
Batting: SHB António Hernández 0-0: Ball
1-0: SINGLE (Groundball, 34D)
Batting: LHB Don Soper 0-0: Ball
1-0: Called Strike
1-1: Foul Ball, location: 2F
1-2: Ball
2-2: Foul Ball, location: 2F
2-2: Ball
3-2: Base on Balls
António Hernández to second
Batting: LHB Gary Kern 0-0: Ball
1-0: Called Strike
1-1: Foul Ball, location: 2F
1-2: Strikes out looking
Batting: RHB Keith Jones 0-0: Called Strike
0-1: Swinging Strike
0-2: Ball
1-2: Ball
2-2: Strikes out looking
Batting: RHB Joe Haley 0-0: Foul Ball, location: 2F
0-1: Foul Ball, location: 2F
0-2: Foul Ball, location: 2F
0-2: Ball
1-2: Ball
2-2: Strikes out swinging
Top of the 7th over - 0 run(s), 1 hit(s), 0 error(s), 2 left on base; Santa Fe 0 - Montgomery 3
BOTTOM OF THE 7TH
Montgomery Biscuits batting - Pitching for Santa Fe Diablos : RHP Christian Camden
Batting: LHB Curt Causton 0-0: Ball
1-0: Ball
2-0: Foul Ball, location: 2F
2-1: Ball
3-1: Base on Balls
Pitching: RHP Raúl Gómez
Batting: RHB Warren Martin 0-0: Ball
1-0: Bunt missed!
1-1: Ball
2-1: Bunted foul
2-2: Fly out, F7 (Flyball, 78M)
Batting: RHB Yujiro Kurihara 0-0: Called Strike
0-1: Fly out, F9 (Flyball, 9M)
Batting: LHB José Martínez 0-0: Ball
1-0: Foul Ball, location: 2F
1-1: Ball
2-1: Ball
3-1: Base on Balls
Curt Causton to second
Batting: RHB Dave Dawson 0-0: Ball
1-0: Ball
2-0: Ball
3-0: Base on Balls
Curt Causton to third
José Martínez to second
Batting: LHB Brian MacIntosh 0-0: Ball
1-0: Ball
2-0: Ball
3-0: Base on Balls
Curt Causton scores
José Martínez to third
Dave Dawson to second
Batting: RHB Carlos Vásquez 0-0: Ball
1-0: Ball
2-0: Ground out 5-3 (Groundball, 56S)
Bottom of the 7th over - 1 run(s), 0 hit(s), 0 error(s), 3 left on base; Santa Fe 0 - Montgomery 4
TOP OF THE 8TH
Santa Fe Diablos batting - Pitching for Montgomery Biscuits : RHP Esteban Alfonzo
Batting: RHB Fernando Garza 0-0: Foul Ball, location: 2F
0-1: Ball
1-1: Ground out 2-3 (Groundball, 25)
Batting: RHB Ray Davis 0-0: Called Strike
0-1: Called Strike
0-2: Strikes out swinging
Batting: LHB John Nicholson 0-0: Swinging Strike
0-1: Swinging Strike
0-2: Ball
1-2: Ground out 4-3 (Groundball, 4)
Top of the 8th over - 0 run(s), 0 hit(s), 0 error(s), 0 left on base; Santa Fe 0 - Montgomery 4
BOTTOM OF THE 8TH
Montgomery Biscuits batting - Pitching for Santa Fe Diablos : RHP Raúl Gómez
Batting: RHB Pete Smith 0-0: Foul Ball, location: 2F
0-1: Ground out 5-3 (Groundball, 5)
Batting: RHB Peyton Yardley 0-0: Ball
1-0: Ball
2-0: Ball
3-0: Base on Balls
Batting: LHB Curt Causton 0-0: Ball
1-0: Called Strike
1-1: Swinging Strike
1-2: Foul Ball, location: 2F
1-2: Ball
Peyton Yardley steals 2nd base
2-2: Fly out, F5 (Popup, 5F)
Batting: RHB Warren Martin 0-0: Ball
1-0: SINGLE (Popup, 8RS)
Peyton Yardley to third
Runner from 3rd tries for Home, SAFE, no throw or cutoff
Batting: RHB Yujiro Kurihara 0-0: Reached on error, E6 (Groundball, 6)
Warren Martin to third
Batting: LHB José Martínez 0-0: Ground out 5-3 (Groundball, 56S)
Bottom of the 8th over - 1 run(s), 1 hit(s), 1 error(s), 2 left on base; Santa Fe 0 - Montgomery 5
TOP OF THE 9TH
Santa Fe Diablos batting - Pitching for Montgomery Biscuits : RHP Esteban Alfonzo
Batting: RHB Roberto Zamora 0-0: Called Strike
0-1: Swinging Strike
0-2: Ball
1-2: Strikes out swinging
Pitching: RHP Félix Andrade
Batting: SHB António Hernández 0-0: Swinging Strike
0-1: Foul Ball, location: 2F
0-2: Strikes out looking
Batting: LHB Don Soper 0-0: Ground out 4-3 (Groundball, 4)
Top of the 9th over - 0 run(s), 0 hit(s), 0 error(s), 0 left on base; Santa Fe 0 - Montgomery 5
This league is powered by Out of the Park Baseball, the baseball management simulation game for PC, Mac and Linux
Saturday, April 9th, 2016 - OOTP Baseball 16.8 Build 38